 Dungeon Crawl Stone Soup version 0.28.0-53-g5a82cb258f (webtiles) character file.

Game seed: 5537342506135873456

125 quokkamancerX the Magician (level 5, -17/35 HPs)
             Began as a Merfolk Summoner on June 9, 2022.
             Was an Initiate of Ashenzari.
             Demolished by an orc wizard
             ... wielding a +2 dagger of electrocution
              (20 damage)
             ... on level 3 of the Dungeon.
             The game lasted 00:12:57 (4115 turns).

quokkamancerX the Magician (Merfolk Summoner)       Turns: 4115, Time: 00:12:58

Health: -17/35     AC:  5    Str:  8    XL:     5   Next: 9%
Magic:  11/12      EV: 13    Int: 17    God:    Ashenzari [......]
Gold:   105        SH:  0    Dex: 20    Spells: 10/13 levels left

rFire   . . .      SeeInvis .   o - +0 rapier "Cosmic Prison" {drain, Elem, Cun} (curse)
rCold   . . .      Faith    .   (no shield)
rNeg    . . .      Spirit   .   g - +1 leather armour {Will+}
rPois   .          Reflect  .   l - +0 helmet
rElec   .          Harm     .   (no cloak)
rCorr   .          Rampage  .   (no gloves)
Will    +....                   (no boots)
Stlth   ++........              (no amulet)
HPRegen 0.11/turn               i - +6 ring of dexterity
MPRegen 0.13/turn               (no ring)

@: no status effects
A: (nimble swimmer 2), mertail
a: Renounce Religion, Shatter the Chains


You were on level 3 of the Dungeon.
You worshipped Ashenzari.
Ashenzari was noncommittal.
You visited 1 branch of the dungeon, and saw 3 of its levels.

You collected 105 gold pieces.

Inventory:

Hand Weapons
 o - the cursed +0 rapier "Cosmic Prison" (weapon) {drain, Elem, Cun}
   (You found it on level 3 of the Dungeon)

   A truly terrible weapon, it drains the life of any living foe it strikes.
   It has a curse which improves the following skills: Elements: Fire Magic, Ice
   Magic, Air Magic and Earth Magic.
   Cunning:   Dodging and Stealth.
Armour
 g - a +1 leather armour of willpower (worn)
 l - a +0 helmet (worn)
Jewellery
 i - a +6 ring of dexterity (left hand)
Scrolls
 a - 2 scrolls of noise {unknown}
 b - 8 scrolls of identify {unknown}
 d - a scroll of fog {unknown}
 f - a scroll of brand weapon {unknown}
 n - a scroll of magic mapping {unknown}
 p - a scroll of enchant weapon {unknown}
Potions
 c - 2 potions of magic {unknown}
 e - a potion of haste {unknown}
 h - 2 potions of curing {unknown}
 j - a potion of might {unknown}
 k - 2 potions of degeneration {unknown}
 m - a potion of heal wounds {unknown}


   Skills:
 - Level 2.6(3.0) Dodging
 - Level 2.1(2.5) Stealth
 + Level 4.7 Spellcasting
 + Level 4.0 Summonings


You had 10 spell levels left.
You knew the following spells:

 Your Spells              Type           Power      Damage    Failure   Level
a - Summon Small Mammal   Summ           68%        N/A       4%          1
c - Call Imp              Summ           17%        N/A       6%          2

Your spell library contained the following spells:

 Spells                   Type           Power      Damage    Failure   Level
 Call Canine Familiar     Summ           17%        N/A       12%         3
 Summon Guardian Golem    Hex/Summ       10%        N/A       28%         3
 Summon Lightning Spire   Summ/Air       10%        N/A       67%         4
 Orb of Destruction       Conj           1%         9d5       100%        7
 Spellforged Servitor     Conj/Summ      5%         N/A       100%        7


Dungeon Overview and Level Annotations

Branches:
Dungeon (3/15)

Altars:
Ashenzari

Annotations:
D:2 1 runed translucent door, Crazy Yiuf


Innate Abilities, Weirdness & Mutations

((You are very nimble when in or above water. (Stealth+, EV+, Speed+++)))
Your lower body shifts to a powerful aquatic tail in water.


Message History

You see here a +0 club.
Found an escape hatch in the ceiling.
You now have 89 gold pieces (gained 13).
You now have 105 gold pieces (gained 16).
Found a stone staircase leading down.
There is a stone staircase leading down here.
You see here a +1 dagger of protection.
You see here a +0 flail.
You see here a +0 hunting sling.
An orc wizard and 2 orcs come into view.
The orc wizard is wielding a +2 dagger of electrocution.
The orc shouts!
The orc wizard shouts!
The orc shouts!
You hit the orc.
The orc is heavily wounded.
The orc hits you with a +0 hand axe.
You hit the orc.
The orc is almost dead.
Casting: Summon Small Mammal (safe; 4% risk of failure)
Confirm with . or Enter, or press ? or * to list all spells.
A beastly little devil appears in a puff of flame.
Your crimson imp barely misses the orc.
You closely miss the orc. The orc misses your crimson imp.
The orc wizard casts a spell.
The orc wizard flickers and vanishes!
Deactivating autopickup; reactivate with Ctrl-A.
Your crimson imp hits the orc.
You hit the orc. You drain the orc.
You kill the orc!
A magic dart appears from out of thin air!
The magic dart hits you.
You miss something. Something hits you. Something hits you but does no damage.
You are electrocuted!!
Ouch! That really hurt!
* * * LOW HITPOINT WARNING * * *
You hit something. Something hits you.
* * * LOW HITPOINT WARNING * * *
You are electrocuted!!
Ouch! That really hurt!
You die...

.###.# #.#
.# #.# #.#
.###.## #.#
.##...###.#
.#.....##>#
..........#
##.....####
.........#
#########.
########.#
#@{o......
#.#
#5########
#.# #.# #.#
#.#
#.#######.#
#.........#
###########


You could see an orc and a friendly crimson imp (summoned).

Vanquished Creatures
  An orc wizard (D:3)
  2 orcs (D:3)
  2 ball pythons (D:1)
  An endoplasm (D:3)
  4 hobgoblins
  4 jackals
  6 kobolds
  2 bats (D:3)
  2 frilled lizards
  4 goblins
  A rat (D:3)
29 creatures vanquished.

Vanquished Creatures (collateral kills)
  An iguana (D:3)
  An adder (D:2)
  A worm (D:2)
  A dart slug (D:1)
  3 orcs (D:3)
  A ball python (D:1)
  2 bats
  3 endoplasms (D:2)
  2 hobgoblins
  2 quokkas
  3 frilled lizards (D:1)
  2 kobolds (D:1)
  3 rats
25 creatures vanquished.

Vanquished Creatures (others)
  A fungus (D:2)
  10 plants (D:1)
11 creatures vanquished.

Grand Total: 65 creatures vanquished

Notes
Turn   | Place    | Note
-------+----------+-------------------------------------------
     0 | D:1      | quokkamancerX the Merfolk Summoner began the quest for the
                  | Orb.
     0 | D:1      | Reached XP level 1. HP: 13/13 MP: 3/3
   162 | D:1      | Found a faded altar of an unknown god.
   380 | D:1      | Reached XP level 2. HP: 19/19 MP: 1/5
   431 | D:1      | You fall into a shaft and drop 1 floor!
  1219 | D:1      | Reached XP level 3. HP: 21/24 MP: 5/7
  1251 | D:1      | Learned a level 2 spell: Call Imp
  2306 | D:2      | Found a broken altar of Ashenzari.
  2311 | D:2      | Became a worshipper of Ashenzari the Shackled
  3157 | D:2      | Found a runed translucent door.
  3158 | D:2      | Noticed Crazy Yiuf
  3405 | D:3      | Reached XP level 4. HP: 30/30 MP: 9/9
  3676 | D:3      | Reached XP level 5. HP: 35/35 MP: 9/11
  4115 | D:3      | Demolished by an orc wizard

Illustrated notes

Levels and vault maps discovered:
D:1:      matt_arrival_debris, layout_loops_ring,
          hellmonk_ecumenical_altar_lost_god, lexackson_kobold_supper
D:2:      layout_basic, basic_altar, st_stairs_9, nrook_uturn,
          uniq_crazy_yiuf_cottage
D:3:      layout_loops_ring

Skill      XL: |  1  2  3  4 |
---------------+-------------+-----
Spellcasting   | 3 4 |  4.7
Dodging        | |  2.6
Stealth        | |  2.1
Summonings     | |  4.0

Action                   |  1- 3 |  4- 6 || total
-------------------------+-------+-------++-------
Melee: Unarmed           |     5 |       ||     5
       Flail             |    79 |    15 ||    94
       Punch             |     1 |       ||     1
       Rapier            |       |    14 ||    14
 Cast: Summon Small Mamm |    43 |     5 ||    48
       Call Imp          |     4 |     7 ||    11
Invok: Curse Item        |       |     1 ||     1
 Stab: Sleeping          |     1 |     2 ||     3
Armor: Leather armour    |    21 |    11 ||    32
       Robe              |     1 |       ||     1
Dodge: Dodged            |    55 |    13 ||    68
